Map: Polka LE

Players

Massa

  • Race: Terran Terran
  • League: Platinum
  • Spawn Location: 11:00

qqq

  • Race: Zerg Zerg
  • League: Platinum
  • Spawn Location: 11:00

Buzz

  • Race: Terran Terran
  • League: Platinum
  • Spawn Location: 5:00

Naini

  • Race: Protoss Protoss
  • Spawn Location: 5:00

VOD

Have the link to the VOD?

Description

Time

  • Played on: Nov. 22, 2020, 9:42 a.m.
  • Length: 6:05
Show
View Real Time Build Order
Export as new Build Order

Massa Terran 

Build Orders:  

Get SALT Encoding   

  12  0:00  SCV  
  13  0:12  SCV  
  14  0:18  Supply Depot  
  14  0:25  SCV  
  15  0:40  SCV  
  16  0:43  Barracks  
  16  0:51  Refinery  
  16  0:52  SCV  
  17  0:59  Refinery  
  17  1:04  SCV  
  18  1:16  SCV  
  19  1:28  SCV  
  20  1:40  SCV  
  21  1:51  Factory  
  21  1:52  SCV  
  22  1:57  Marine  
  22  2:00  Bunker  
  23  2:05  Barracks  
  23  2:10  Supply Depot  
  23  2:25  SCV  
  23  2:31  Marine  
  22  2:49  Marine  
  23  2:56  Barracks, Hellion  
  25  3:00  Barracks  
  25  3:01  Barracks  
  25  3:02  Marine  
  25  3:07  Marine  
  18  3:47  Hellion  
  20  3:53  Marine  
  20  3:54  Marine x2  
  22  4:08  Hellion  
  22  4:11  Marine  
  17  4:37  Marine  
  17  4:38  Marine x2  
  10  5:23  SCV  
  2  5:45  SCV  
Show
View Real Time Build Order
Export as new Build Order

qqq Zerg 

Build Orders: Hatch First 

Get SALT Encoding   

  12  0:01  Drone  
  13  0:09  Drone  
  14  0:25  Overlord  
  14  0:46  Hatchery  
  13  0:50  Drone  
  13  0:52  Drone  
  13  0:56  Drone  
  16  1:13  Extractor  
  16  1:15  Drone x2  
  17  1:42  Drone x2  
  17  1:43  Spawning Pool  
  18  1:55  Drone  
  18  1:58  Drone  
  20  2:08  Drone  
  20  2:30  Drone  
  20  2:31  Drone  
  22  2:43  Zergling x6  
  25  2:46  Spine Crawler  
  25  2:47  Zergling x4  
  25  2:49  Spine Crawler  
  25  2:54  Zergling x2  
  26  2:58  Metabolic Boost  
  26  3:21  Zergling x4  
  27  3:33  Zergling x2  
  22  3:35  Zergling x6  
  24  3:43  Zergling x2  
  23  3:50  Zergling x2  
  23  3:54  Zergling x2  
  25  4:07  Spine Crawler  
  22  4:11  Overlord  
  21  4:28  Queen  
  23  4:38  Zergling x6  
  12  5:00  Zergling x4  
  10  5:30  Drone x2  
  13  5:50  Drone x2  
Show
View Real Time Build Order
Export as new Build Order

Buzz Terran 

Build Orders:  

Get SALT Encoding   

  12  0:00  SCV  
  13  0:12  SCV  
  14  0:22  Supply Depot  
  14  0:24  SCV  
  15  0:43  SCV  
  15  0:49  Barracks  
  16  0:55  SCV  
  17  1:04  Supply Depot  
  17  1:07  SCV  
  18  1:19  SCV  
  19  1:34  Supply Depot  
  19  1:35  SCV  
  19  1:39  Marine  
  21  1:40  Barracks x2  
  21  1:51  SCV  
  22  2:00  Marine  
  23  2:01  Supply Depot  
  23  2:04  Orbital Command  
  23  2:09  Refinery  
  23  2:17  Marine  
  24  2:36  Marine x3  
  27  2:39  Bunker  
  27  2:45  Bunker  
  27  2:50  Bunker  
  27  2:54  Marine x2  
  29  3:04  Marine  
  30  3:12  Marine x2  
  30  3:22  Marine  
  30  3:29  Marine  
  30  3:30  Marine  
  32  3:40  Marine  
  33  3:45  Bunker  
  33  3:49  Marine x2  
  35  3:58  Marine  
  34  4:06  Marine  
  34  4:09  Supply Depot  
  33  4:19  Marine x2  
  31  4:24  Marine  
  28  4:35  Supply Depot  
  28  4:37  Marine x2  
  29  4:42  Marine  
  29  4:55  Marine x2  
Show
View Real Time Build Order
Export as new Build Order

Naini Protoss 

Build Orders:  

Get SALT Encoding   

  12  0:00  Probe  
  13  0:12  Probe  
  14  0:31  Probe  
  15  0:43  Pylon  
  15  1:02  Gateway  
  15  1:05  Gateway  
  15  1:09  Forge  
  15  1:16  Probe  
  16  1:27  Pylon  
  16  1:28  Probe  
  17  1:39  Pylon  
  17  1:49  Zealot (Chrono Boost)  
  17  1:50  Zealot (Chrono Boost)  
  21  2:06  Photon Cannon  
  21  2:11  Photon Cannon  
  21  2:15  Pylon  
  20  2:29  Zealot (Chrono Boost)  
  24  2:49  Zealot (Chrono Boost)  
  24  2:52  Zealot (Chrono Boost)  
  26  2:58  Photon Cannon  
  26  2:59  Photon Cannon  
  26  3:03  Photon Cannon  
  26  3:22  Photon Cannon  
  26  3:38  Photon Cannon  
  26  3:39  Pylon  
  26  3:57  Photon Cannon  
  26  4:01  Photon Cannon  
  26  4:04  Pylon  
  26  4:11  Pylon  
  26  4:19  Pylon  
  26  4:27  Zealot x2, Pylon  
  27  4:46  Photon Cannon  
  27  4:48  Photon Cannon  
  27  4:52  Probe (Chrono Boost)  
  26  5:01  Probe (Chrono Boost)  
  26  5:06  Probe (Chrono Boost)  
  18  5:18  Probe (Chrono Boost)  
  15  5:24  Probe (Chrono Boost)  
  16  5:36  Photon Cannon  
  18  6:03  Pylon  
Tags
 
Add a new tag
Caveats
  • Supply blocks, unpowered buildings, or Contaminate may cause inaccurate times.
  • Supply counts are checked every 10 seconds.